 Dungeon Crawl Stone Soup version 0.32-a0-834-geaf45d8e21 (webtiles) character file.

Game seed: 9535363352520901132

42 Griffin23 the Trooper (level 3, 0/33 HPs)
             Began as a Minotaur Fighter on Mar 26, 2024.
             Was a Follower of Okawaru.
             Slain by osoart's ghost (6 damage)
             ... on level 3 of the Dungeon.
             The game lasted 00:01:31 (763 turns).

Griffin23 the Trooper (Minotaur Fighter)             Turns: 763, Time: 00:01:31

Health: 0/33       AC:  7    Str: 22    XL:     3   Next: 33%
Magic:  2/2        EV:  8    Int:  5    God:    Okawaru [*.....]
Gold:   104        SH:  4    Dex:  9    Spells: 2/2 levels left

rFire   . . .        a - +0 long sword
rCold   . . .        c - +0 buckler
rNeg    . . .        b - +0 scale mail
rPois   .            (helmet restricted)
rElec   .            (no cloak)
rCorr   .            (no gloves)
SInv    .            (no boots)
Will    .....        (no amulet) Stlth
                     (no ring)
HPRegen 0.25/turn    (no ring)
MPRegen 0.08/turn

%: no passive effects
@: no status effects
A: horns 2, retaliatory headbutt
a: Renounce Religion, Heroism


You were on level 3 of the Dungeon.
You worshipped Okawaru.
Okawaru was aware of your devotion.
You visited 1 branch of the dungeon, and saw 3 of its levels.

You collected 104 gold pieces.

Inventory:

Hand Weapons
 a - a +0 long sword (weapon)
Armour
 b - a +0 scale mail (worn)
 c - a +0 buckler (worn)
Jewellery
 h - a ring of wizardry
Scrolls
 e - 2 scrolls of identify {unknown}
 f - a scroll of fear {unknown}
 j - a scroll of fog {unknown}
 k - a scroll of immolation {unknown}
 m - a scroll of enchant armour {unknown}
Potions
 d - a potion of might
 g - a potion of curing {unknown}
 i - a potion of magic {unknown}
 l - 2 potions of enlightenment {unknown}


   Skills:
 + Level 4.1 Fighting
 + Level 3.1 Long Blades
 + Level 4.1 Armour
 + Level 4.1 Shields


You had 2 spell levels left.
You didn't know any spells.
Your spell library was empty.

Dungeon Overview and Level Annotations

Branches:
Dungeon (3/15)

Altars:
Okawaru

Shops:
D:1 =

Annotations:
D:3 osoart's ghost, amateur TrGl


Innate Abilities, Weirdness & Mutations

You have a pair of horns on your head.
You reflexively headbutt those who attack you in melee.


Message History

You are caught in a web!
You are caught in a web!
You are caught in a web!
The web tears apart.
You block osoart's ghost's attack.
You miss osoart's ghost.
Osoart's ghost hits you but does no damage. x2
You completely miss osoart's ghost. Your headbutt misses osoart's ghost.
Osoart's ghost hits you.
You miss osoart's ghost. You block osoart's ghost's attack.
You hit osoart's ghost.
Osoart's ghost is lightly damaged.
Osoart's ghost hits you!
You barely miss osoart's ghost.
Osoart's ghost is lightly damaged.
You block osoart's ghost's attack. Osoart's ghost closely misses you.
You hit osoart's ghost. You headbutt osoart's ghost.
Osoart's ghost is moderately damaged.
Osoart's ghost closely misses you. You furiously retaliate!
You headbutt osoart's ghost! You barely miss osoart's ghost.
You headbutt osoart's ghost.
Osoart's ghost is heavily damaged.
Osoart's ghost hits you but does no damage.
You closely miss osoart's ghost.
Osoart's ghost is heavily damaged.
Osoart's ghost assumes a wrestling stance.
Osoart's ghost hits you.
You miss osoart's ghost.
Osoart's ghost is heavily damaged.
Osoart's ghost completely misses you. Osoart's ghost hits you!
* * * LOW HITPOINT WARNING * * *
You are too injured to fight recklessly!
You closely miss osoart's ghost.
Osoart's ghost is heavily damaged.
Osoart's ghost barely misses you. You furiously retaliate!
You headbutt osoart's ghost.
You are too injured to fight recklessly!
You closely miss osoart's ghost. You headbutt osoart's ghost.
Osoart's ghost is severely damaged.
Osoart's ghost hits you.
You die...

##.....##
##.......##
#.........#
#.........#
#.......$.#
#.........#
#.........#
##........##
#.@........#
##W##......#
#wwr#....†<#
#~~~#...?).#
#~~~#........
#~~~#....$####
#~:~#......
#~~~#......
#......


You could see 2 ribbon worms, osoart's ghost and a quokka.

Vanquished Creatures
  A gnoll (D:1)
  2 dart slugs (D:1)
  3 endoplasms
  4 giant cockroaches
  2 goblins
  2 hobgoblins (D:1)
  3 kobolds (D:1)
  A quokka (D:1)
  2 ball pythons (D:1)
  A bat (D:1)
  2 frilled lizards
  3 rats
26 creatures vanquished.

Notes
Turn   | Place    | Note
-------+----------+-------------------------------------------
     0 | D:1      | Griffin23 the Minotaur Fighter began the quest for the Orb.
     0 | D:1      | Reached XP level 1. HP: 19/19 MP: 0/0
   148 | D:1      | Reached XP level 2. HP: 14/27 MP: 1/1
   407 | D:1      | Reached XP level 3. HP: 32/33 MP: 2/2
   450 | D:1      | Found a faded altar of an unknown god.
   477 | D:1      | Found Vesochuc's Jewellery Shoppe.
   644 | D:1      | Prayed at the altar of an unknown god.
   644 | D:1      | Became a worshipper of Warmaster Okawaru
   644 | D:1      | Reached * piety under Okawaru
   742 | D:3      | Found a runed translucent door.
   746 | D:3      | Noticed osoart's ghost (amateur TrGl)
   763 | D:3      | Slain by osoart's ghost

Illustrated notes

Levels and vault maps discovered:
D:1:      ldierk_walled_garden_2, layout_rooms, basic_ecumenical_altar,
          serial_shops, shop, minmay_misc_feat_doors, minmay_misc_feat_tiny
D:2:      layout_basic, serial_shops, nicolae_shop_peninsula
D:3:      layout_rooms, ebering_ghost_sewer_f, uniq_robin, uniq_grinder

Skill      XL: |  1  2 |
---------------+-------+-----
Fighting       | 4 |  4.1
Armour         | 4 |  4.1
Shields        | 4 |  4.1
Long Blades    | 3 |  3.1

Action                     || total
---------------------------++-------
  Melee: Long sword        ||    76
         Headbutt          ||    11
 Armour: Scale mail        ||    54
  Dodge: Dodged            ||    37
  Block: Buckler           ||    20

Table legend: (Time is in decaauts)
 A = Elapsed time spent in this place.
 B = Non-inter-level travel time spent in this place.
 C = Inter-level travel time spent in this place.
 D = Time resting spent in this place.
 E = Time spent auto-exploring this place.
 F = Levels seen in this place.
 G = Mean time per level.
                   A        B        C        D        E       F      G
               +--------+--------+--------+--------+--------+-----+--------+
         Total |    784 |    711 |     73 |      0 |    542 |   3 |  261.3 |
       Dungeon |    784 |    711 |     73 |      0 |    542 |   3 |  261.3 |
               +--------+--------+--------+--------+--------+-----+--------+

Top non-repeatable levels by time:
     D:1: 677 daAuts
     D:2: 66 daAuts
     D:3: 40 daAuts
